 Dungeon Crawl Stone Soup version 0.28-a0-991-g956f0ee3d5 (webtiles) character file.

Game seed: 3347720866944727931

621 ragingrage the Skirmisher (level 7, -8/90 HPs)
             Began as a Merfolk Wanderer on Dec 4, 2021.
             Mangled by a mummy (9 damage)
             ... in an ossuary.
             The game lasted 00:08:41 (6265 turns).

ragingrage the Skirmisher (Merfolk Wanderer)        Turns: 6265, Time: 00:08:42

Health: -8/90      AC: 23    Str: 13    XL:     7   Next: 46%
Magic:  7/7        EV:  2    Int: 16    God:
Gold:   181        SH:  0    Dex: 10    Spells: 5/6 levels left

rFire   . . .      SeeInvis .   a - +0 spear
rCold   . . .      Faith    .   (no shield)
rNeg    . . .      Spirit   .   (armour currently unavailable)
rPois   +          Reflect  .   (helmet currently unavailable)
rElec   .          Harm     .   (cloak currently unavailable)
rCorr   .          Rampage  .   (gloves currently unavailable)
Will    .....      NoTele   +   (boots currently unavailable)
Stlth   +.........              (no amulet)
HPRegen 0.25/turn               (no ring)
MPRegen 0.10/turn               (no ring)

@: tree-form
A: stationary, stasis, torment immunity, boosted hp, (nimble swimmer 2),
(mertail)
a: no special abilities


You were in an ossuary.
You were a tree.
You visited 1 branch of the dungeon, and saw 5 of its levels.
You also visited: Sewer and Ossuary.

You collected 181 gold pieces.

Inventory:

Hand Weapons
 a - a +0 spear (weapon)
 b - a +0 hand crossbow
Missiles
 c - 72 bolts
 e - 18 poisoned darts (quivered)
 h - 6 javelins
Armour
 f - a +2 scale mail (melded)
 i - a +0 pair of boots (melded)
 m - a +2 helmet (melded)
 s - a +0 pair of gloves (melded)
Jewellery
 j - a ring of fire
Wands
 w - a wand of paralysis (5)
 B - a wand of polymorph (7)
Scrolls
 d - 3 scrolls of enchant weapon {unknown}
 k - a scroll of enchant armour {unknown}
 l - a scroll of teleportation {unknown}
 n - 2 scrolls of fear {unknown}
 o - a scroll of fog {unknown}
 u - a scroll of vulnerability {unknown}
 x - a scroll of identify {unknown}
 y - a scroll of silence {unknown}
Potions
 p - 9 potions of flight
 q - 2 potions of might {unknown}
 r - a potion of haste {unknown}
 t - 2 potions of attraction {unknown}
 v - a potion of curing
 z - a potion of cancellation {unknown}
 A - a potion of brilliance {unknown}


   Skills:
 + Level 7.5 Fighting
 - Level 1.5 Maces & Flails
 + Level 4.8 Polearms
 - Level 1.0 Armour
 - Level 1.1 Stealth
 - Level 1.3 Transmutations
 - Level 4.3 Poison Magic
 - Level 1.0 Evocations


You had 5 spell levels left.
You knew the following spells:

 Your Spells              Type           Power      Damage    Failure   Level
a - Sting                 Tmut/Pois      36%        1d4       8%          1

Your spell library contained the following spells:

 Spells                   Type           Power      Damage    Failure   Level
 Ignite Poison            Fire/Tmut/Pois 6%         N/A       34%         3
 Corpse Rot               Necr/Air       0%         N/A       36%         2
 Dispel Undead            Necr           0%         3d6       94%         4
 Death Channel            Necr           0%         N/A       100%        6


Dungeon Overview and Level Annotations

Branches:
Dungeon (5/15)              Sewer (visited)         Ossuary (1/1)
 Temple: D:4-7

Altars:

Shops:
D:2 [


Innate Abilities, Weirdness & Mutations

You are a tree.
Your roots penetrate the ground, keeping you stationary.
You cannot be teleported.
You are immune to unholy pain and torment.
Your maximum health is greatly increased.
Your equipment is partially melded.
((You are quick and stealthy near water. (Stealth+, EV+, Speed+++)))
((Your lower body shifts to a powerful aquatic tail in water.))


Message History

You hit the mummy.
The mummy is moderately damaged.
The mummy hits you but does no damage.
You hit the mummy.
The mummy is moderately damaged.
The mummy hits you but does no damage.
You barely miss the mummy.
The mummy is moderately damaged.
The mummy barely misses you.
You hit the mummy but do no damage.
The mummy is moderately damaged.
The mummy hits you!
You closely miss the mummy.
The mummy is moderately damaged.
The mummy hits you.
* * * LOW HITPOINT WARNING * * *
You hit the mummy.
The mummy is heavily damaged.
The mummy hits you but does no damage.
You hit the mummy.
The mummy is heavily damaged.
The mummy hits you but does no damage.
You hit the mummy.
The mummy is almost destroyed.
The mummy hits you!
* * * LOW HITPOINT WARNING * * *
You hit the mummy but do no damage.
The mummy is almost destroyed.
The mummy hits you!
* * * LOW HITPOINT WARNING * * *
You hit the mummy.
The mummy is almost destroyed.
The mummy hits you.
* * * LOW HITPOINT WARNING * * *
You barely miss the mummy.
The mummy is almost destroyed.
The mummy hits you!
* * * LOW HITPOINT WARNING * * *
The mummy hits you!
You die...

##+##
#...#
#.∩.#
#...#
#.∩.#
##...##
#MM...#
#♣#.#.#
#######


You could see 2 mummies.

Vanquished Creatures
  An ogre (D:4)
  A scorpion (D:4)
  A centaur zombie (D:5)
  A hound (D:5)
  An orc priest (D:4)
  Terence (D:2)
  Natasha (thrice) (D:3)
  An iguana (D:3)
  An orc wizard (D:4)
  A mummy (Ossuary)
  Robin (D:3)
  9 adders
  3 worms
  3 dart slugs
  2 orcs (D:4)
  9 bats
  8 endoplasms
  4 giant cockroaches
  12 goblins
  10 hobgoblins
  12 jackals
  5 kobolds
  15 quokkas
  3 ball pythons
  2 frilled lizards
  2 rats
112 creatures vanquished.

Notes
Turn   | Place    | Note
-------+----------+-------------------------------------------
     0 | D:1      | ragingrage the Merfolk Wanderer began the quest for the
                  | Orb.
     0 | D:1      | ragingrage set off with the following items: a +0 hand
                  | crossbow, a +2 scale mail, 27 bolts; and the following
                  | spell memorised: Sting; and the following spells available
                  | to memorise: Ignite Poison
     0 | D:1      | Reached XP level 1. HP: 13/13 MP: 1/1
   102 | D:1      | Reached skill level 1 in Fighting
   280 | D:1      | Reached XP level 2. HP: 21/22 MP: 2/2
   433 | D:1      | Reached skill level 2 in Fighting
  1213 | D:1      | Found a faded altar of an unknown god.
  1453 | D:2      | Reached XP level 3. HP: 25/28 MP: 3/3
  1563 | D:2      | You fall into a shaft and drop 1 floor!
  1602 | D:3      | Reached skill level 3 in Fighting
  1602 | D:3      | Found a glowing drain.
  1619 | Sewer    | Entered a sewer
  1866 | Sewer    | Reached XP level 4. HP: 37/37 MP: 4/4
  1992 | Sewer    | Reached skill level 4 in Fighting
  2707 | D:3      | Reached XP level 5. HP: 36/43 MP: 1/5
  2778 | D:3      | Noticed Robin
  2793 | D:2      | Reached skill level 5 in Fighting
  3091 | D:2      | Noticed Terence
  3120 | D:2      | Killed Terence
  3524 | D:2      | Found Fibuan's Antique Armour Boutique.
  4042 | D:3      | Reached skill level 6 in Fighting
  4315 | D:3      | Noticed Natasha
  4332 | D:3      | Killed Natasha
  4333 | D:3      | Reached XP level 6. HP: 38/52 MP: 6/6
  4481 | D:3      | Killed Robin
  4694 | D:3      | Noticed Natasha
  4700 | D:3      | Killed Natasha
  4701 | D:3      | Reached skill level 1 in Polearms
  4800 | D:3      | Noticed Natasha
  4808 | D:3      | Killed Natasha
  5355 | D:4      | Reached skill level 7 in Fighting
  5355 | D:4      | Reached XP level 7. HP: 11/60 MP: 2/7
  6096 | D:5      | Entered Level 5 of the Dungeon
  6199 | D:5      | Found a sand-covered staircase.
  6234 | Ossuary  | Entered an ossuary
  6265 | Ossuary  | HP: 1/90 [mummy (9)]
  6265 | Ossuary  | Mangled by a mummy

Illustrated notes

Levels and vault maps discovered:
D:1:      wander_arrival_lonely_grave, layout_basic,
          hellmonk_ecumenical_altar_leap_of_faith
D:2:      layout_basic, serial_shops, nicolae_shop_crystal, grunt_ministairs_12,
          uniq_terence
D:3:      layout_rooms, portal_sewer_entry_d, uniq_robin, uniq_natasha
D:4:      layout_loops_ring
D:5:      layout_cave_pools, chequers_ossuary_entry_cave
Ossuary:  ossuary_minmay_chase

Skill      XL: |  1  2  3  4  5  6  7 |
---------------+----------------------+-----
Fighting       | 1 2 3 4 6 7 |  7.5
Polearms       | 3 4 |  4.8
Maces & Flails | |  1.5
Armour         | |  1.0
Stealth        | |  1.1
Transmutations | |  1.3
Poison Magic   | |  4.3
Evocations     | |  1.0

Action                   |  1- 3 |  4- 6 |  7- 9 || total
-------------------------+-------+-------+-------++-------
Melee: Dagger            |   172 |   169 |       ||   341
       Tailslap          |     4 |     6 |       ||    10
       Hand axe          |       |    78 |       ||    78
       Spear             |       |    45 |    68 ||   113
 Fire: Hand crossbow     |     2 |    19 |       ||    21
Throw: Dart              |       |    26 |     7 ||    33
 Cast: Sting             |    11 |    51 |     6 ||    68
  Use: Potion            |       |       |     1 ||     1
Armor: Scale mail        |   105 |   218 |    43 ||   366
       Skin              |       |       |     5 ||     5
Dodge: Dodged            |   113 |   179 |    32 ||   324

Table legend: (Time is in decaauts)
 A = Elapsed time spent in this place.
 B = Non-inter-level travel time spent in this place.
 C = Inter-level travel time spent in this place.
 D = Time resting spent in this place.
 E = Time spent auto-exploring this place.
 F = Levels seen in this place.
 G = Mean time per level.
                   A        B        C        D        E       F      G
               +--------+--------+--------+--------+--------+-----+--------+
         Total |   6195 |   6062 |    133 |   1063 |   3661 |   7 |  885.0 |
       Dungeon |   5474 |   5341 |    133 |    972 |   3327 |   5 | 1094.8 |
         Sewer |    694 |    694 |      0 |     91 |    333 |   1 |  694.0 |
       Ossuary |     26 |     26 |      0 |      0 |      0 |   1 |   26.0 |
               +--------+--------+--------+--------+--------+-----+--------+

Top non-repeatable levels by time:
     D:2: 1487 daAuts
     D:1: 1423 daAuts
     D:4: 1291 daAuts
     D:3: 1136 daAuts
   Sewer: 694 daAuts
     D:5: 135 daAuts
 Ossuary: 26 daAuts
